 Dungeon Crawl Stone Soup version 0.25-a0-283-ge7e91ba8d0 (webtiles) character file.

Game seed: 10931489476382807951, levelgen mode: deterministic

28012 DerDa the Destroyer (level 13, -5/94 HPs)
             Began as a Grey Draconian Conjurer on Dec 11, 2019.
             Was an Elder of Sif Muna.
             Slain by a death yak (18 damage)
             ... on level 5 of the Lair of Beasts.
             The game lasted 01:27:05 (16754 turns).

DerDa the Destroyer (Grey Draconian Conjurer)      Turns: 16754, Time: 01:27:05

Health: -5/94      AC: 19    Str: 11    XL:     13   Next: 7%
Magic:  26/30      EV: 12    Int: 23    God:    Sif Muna [****..]
Gold:   790        SH:  5    Dex: 11    Spells: 19/38 levels left

rFire    . . .     SeeInvis .   b - +9 whip of the Final Decision {venom, +Inv rC+++ Int+2 Stlth-}
rCold    + + +     Gourm    .   f - +1 buckler
rNeg     . . .     Faith    .   (armour unavailable)
rPois    .         Spirit   .   (helmet restricted)
rElec    .         Reflect  .   (no cloak)
rCorr    .         Harm     .   (no gloves)
MR       .....                  (no boots)
Stlth    +.........             X - amulet of the acrobat
HPRegen  0.25/turn              I - +3 ring of protection
MPRegen  0.22/turn              v - +3 ring of protection

@: no status effects
A: walk through water, unfitting armour, unbreathing, cold-blooded, AC +13
a: Channel Magic, Forget Spell, Divine Exegesis, Renounce Religion, Evoke
Invisibility


You were on level 5 of the Lair of Beasts.
You worshipped Sif Muna.
Sif Muna was greatly pleased with you.
You were not hungry.

You visited 3 branches of the dungeon, and saw 17 of its levels.
You also visited: Ossuary and Gauntlet.

You collected 972 gold pieces.
You spent 182 gold pieces at shops.

Inventory:

Hand Weapons
 b - the +9 whip of the Final Decision (weapon) {venom, +Inv rC+++ Int+2 Stlth-}
   (You took it off a kobold on level 3 of the Dungeon)

   It poisons the flesh of those it strikes.
   It affects your intelligence (+2).
   It renders you almost immune to cold.
   It lets you turn invisible.
   It makes you less stealthy.
 O - a +1 hand crossbow of freezing
Missiles
 t - 91 sling bullets
 Q - 133 bolts
Armour
 f - a +1 buckler (worn)
Magical Staves
 a - an uncursed staff of wizardry
 Y - an uncursed staff of energy
 Z - an uncursed staff of cold
Jewellery
 v - a +3 ring of protection (right hand)
 I - a +3 ring of protection (left hand)
 P - an uncursed ring of see invisible
 X - an amulet of the acrobat (around neck)
Wands
 c - a wand of acid (10)
 j - a wand of clouds (5)
 x - a wand of polymorph (4)
 E - a wand of digging (5)
 J - a wand of flame (43)
 N - a wand of iceblast (16)
 R - a wand of disintegration (17)
 T - a wand of random effects (30)
 W - a wand of paralysis (10)
Scrolls
 g - 5 scrolls of immolation
 i - 8 scrolls of remove curse
 k - 3 scrolls of magic mapping
 p - 3 scrolls of teleportation
 q - 7 scrolls of enchant armour
 s - 4 scrolls of fear
 z - a scroll of fog
 C - a scroll of enchant weapon
Potions
 d - 10 potions of curing
 e - 2 potions of heal wounds
 l - a potion of ambrosia
 n - 4 potions of might
 o - 3 potions of invisibility
 r - 3 potions of mutation
 u - 5 potions of haste
 D - 4 potions of lignification
 F - 2 potions of agility {unknown}
 H - 4 potions of degeneration {unknown}
 K - 2 potions of brilliance {unknown}
 L - 2 potions of berserk rage
 S - a potion of resistance {unknown}
 U - 2 potions of experience {unknown}
Miscellaneous
 V - a lamp of fire
Comestibles
 m - 26 rations


   Skills:
 + Level 3.3 Fighting
 - Level 1.7 Dodging
 - Level 1.7 Stealth
 - Level 4.0 Shields
 * Level 13.1 Spellcasting
 * Level 14.5 Conjurations
 + Level 3.6 Hexes
 + Level 1.1 Charms
 * Level 5.6 Invocations


You had 19 spell levels left.
You knew the following spells:

 Your Spells              Type           Power        Failure   Level  Hunger
a - Magic Dart            Conj           ####         0%          1    None
b - Searing Ray           Conj           ######       0%          2    None
c - Fulminant Prism       Conj/Hex       ######....   1%          4    None
d - Iskenderun's Mystic   Conj/Tloc      #####...     1%          4    None
e - Spectral Weapon       Hex/Chrm       ####....     4%          3    None
f - Fireball              Conj/Fire      #####.....   6%          5    ###....

Your spell library contained the following spells:

 Spells                   Type           Power        Failure   Level  Hunger
 Confusing Touch          Hex            ####..       1%          1    None
 Foxfire                  Conj/Fire      ####         1%          1    None
 Shock                    Conj/Air       ####         1%          1    None
 Conjure Flame            Conj/Fire      #####...     1%          3    None
 Dazzling Flash           Conj/Hex       ######       1%          3    None
 Static Discharge         Conj/Air       #####...     1%          3    None
 Sticky Flame             Conj/Fire      #####...     1%          4    None
 Confuse                  Hex            ####....     2%          3    None
 Swiftness                Chrm/Air       ###.....     4%          2    None
 Inner Flame              Hex/Fire       ###.....     6%          3    None
 Lightning Bolt           Conj/Air       #####.....   6%          5    ###....
 Ozocubu's Armour         Chrm/Ice       ###.....     10%         3    None
 Gell's Gravitas          Tloc           ###.......   12%         3    None
 Airstrike                Air            ###.......   38%         4    None
 Petrify                  Tmut/Erth      ###.....     38%         4    None
 Metabolic Englaciation   Hex/Ice        ###.......   47%         5    ###....
 Yara's Violent Unravell  Hex/Tmut       ###.......   47%         5    ###....
 Deflect Missiles         Chrm/Air       ###.......   99%         6    #####..
 Death's Door             Chrm/Necr      ###.......   100%        8    #######


Dungeon Overview and Level Annotations

Branches:
Dungeon (11/15)            Temple (1/1) D:4            Lair (5/6) D:8
 Shoals (0/4) Lair:4        Snake (0/4) Lair:3          Orc (0/2) D:11
Ossuary (visited)         Gauntlet (visited)
  Slime: Lair:5-6

Altars:
Ashenzari
Cheibriados
Dithmenos
Elyvilon
Fedhas
Gozag
Hepliaklqana
Kikubaaqudgha
Makhleb
Nemelex Xobeh
Okawaru
Qazlal
Ru
Sif Muna
Trog
Uskayaw
Vehumet
Wu Jian
Xom
Yredelemnul
Zin
The Shining One

Shops:
D:5 (***(   D:9 (


Innate Abilities, Weirdness & Mutations

You can walk through water.
Your dull iron-grey scales are very hard. (AC +13)
You cannot fit into any form of body armour.
You can survive without breathing.
You are cold-blooded and may be slowed by cold attacks.


Message History

The death yak looks as sick as possible!
The death yak is severely wounded.
The death yak gores you.
Casting: Fireball (safe; 6% risk of failure)
Confirm with . or Enter, or press ? or * to list all spells.
Aiming: Fulminant Prism (safe; 1% risk of failure)
Press: ? - help, Dir - move target cursor You conjure a prism of explosive energy!
A fulminant prism comes into view.
The death yak gores you!!
You hit the death yak.
The death yak looks as sick as possible!
The death yak is almost dead.
The death yak gores you!!
* * * LOW HITPOINT WARNING * * *
Your fulminant prism crackles loudly.
You completely miss the death yak.
Your tail-slap misses the death yak.
The death yak is almost dead.
The death yak gores you!!
You die...

**
*,,,,,.S,..##*#####........,**
*,*,...≈.*** ###'....###**
***##≈≈≈S#* #...##.##
**#≈≈≈≈≈.#### ##...###
*≈≈≈≈≈≈≈§§..* ##..#*##
*,..._≈≈≈≈.#* ##.P##.####
*,≈≈≈≈≈≈≈..# ###...#.#.#.##
**,≈≈≈≈≈≈...####.#..........#
*,,.≈≈≈≈.†*.Y@..##..........##
**,.........##...............#
*,P.........#..∩?...........#
*,##........#.#............##
**#........#######..P.##P##.#
####.P..#.** ######*##**#
#....###.* *#P..#,**#*
**....,,* ***


You could see a death yak and a friendly fulminant prism.

Vanquished Creatures
  A hydra (Lair:5)
  4 death yaks
  A two-headed ogre (D:8)
  Sonja (D:10)
  4 oklob plants (Lair:3)
  A cyclops (D:11)
  6 elephants (Lair:4)
  A merfolk siren (Lair:4)
  A torpor snail (Lair:2)
  A gargoyle (D:10)
  A spiny frog (Lair:2)
  7 komodo dragons
  A demonic crawler (Lair:2)
  3 trolls
  Grinder (D:3)
  A queen bee (D:10)
  10 blink frogs (Lair:4)
  6 hippogriffs
  A wraith (D:10)
  A shadow (D:11)
  6 wyverns
  10 yaks
  Eustachio (D:4)
  2 hungry ghosts
  A naga (Lair:3)
  2 swamp worms
  Edmund (D:4)
  7 water moccasins
  A two-headed ogre zombie (D:11)
  4 porcupines
  A black bear (D:8)
  4 sky beasts
  An orc warrior (D:11)
  The ghost of rayg00n the Chopper, an amateur HOMo (D:3)
  3 ice beasts
  4 phantoms
  3 ogres
  5 wolves (Lair:4)
  2 centaurs
  8 crocodiles
  An elf zombie (Ossuary)
  2 big kobolds
  10 bullfrogs
  A wyvern zombie (D:11)
  3 scorpions
  5 wights (D:6)
  26 killer bees (D:10)
  8 howler monkeys
  An electric eel (Lair:4)
  2 crimson imps
  4 centaur zombies
  A human zombie (Ossuary)
  2 hounds
  3 jellies
  3 centaur skeletons
  12 orc priests
  Crazy Yiuf (D:2)
  10 orc wizards
  Ijyb (D:4)
  An iguana (D:10)
  Natasha (thrice) (D:3)
  2 worker ants
  6 ogre zombies (D:11)
  2 big kobold zombies (Ossuary)
  2 hound zombies
  A hound skeleton (D:8)
  2 mummies (Ossuary)
  9 gnolls
  14 adders
  3 shadow imps
  An ooze (D:3)
  An adder zombie (Ossuary)
  A worm (D:3)
  A dart slug (D:1)
  5 leopard geckos
  30 orcs
  6 bats
  9 giant cockroaches
  12 goblins
  8 hobgoblins
  10 jackals
  2 quokkas
  3 ball pythons
  3 frilled lizards
  A goblin skeleton (D:11)
  4 goblin zombies (D:11)
  2 hobgoblin skeletons (D:11)
  14 hobgoblin zombies
  A jackal zombie (Ossuary)
  24 kobolds
  8 kobold zombies (Ossuary)
  2 leopard gecko skeletons
  A leopard gecko zombie (D:6)
  3 orc skeletons (D:11)
  20 orc zombies
  11 rats
  2 fulminant prisms (Lair:4)
  2 fungi (D:2)
  11 plants (Lair:3)
459 creatures vanquished.

Vanquished Creatures (others)
  109 fulminant prisms
  A fungus (Lair:2)
  4 plants
  7 spectral weapons
121 creatures vanquished.

Grand Total: 580 creatures vanquished

Notes
Turn   | Place    | Note
-------+----------+-------------------------------------------
     0 | D:1      | DerDa the Draconian Conjurer began the quest for the Orb.
     0 | D:1      | Reached XP level 1. HP: 14/14 MP: 3/3
   191 | D:1      | Reached XP level 2. HP: 20/20 MP: 3/5
   198 | D:1      | Learned a level 2 spell: Searing Ray
   902 | D:2      | Reached XP level 3. HP: 26/26 MP: 3/6
   953 | D:2      | Reached skill level 5 in Conjurations
  1319 | D:2      | Reached XP level 4. HP: 33/33 MP: 5/7
  1359 | D:2      | Found an opulent altar of Gozag.
  1511 | D:2      | Found a runed translucent door.
  1512 | D:2      | Noticed Crazy Yiuf
  1717 | D:3      | Noticed Natasha
  1729 | D:3      | Killed Natasha
  1755 | D:3      | Noticed Natasha
  1763 | D:3      | Killed Natasha
  1763 | D:3      | Reached XP level 5. HP: 31/38 MP: 4/9
  1860 | D:3      | Found a runed translucent gate.
  1861 | D:3      | Found a runed translucent gate.
  1861 | D:3      | Identified the +9 whip of the Final Decision {venom, +Inv
                  | rC+++ Int+2 Stlth-}
  1862 | D:3      | Found a runed translucent gate.
  1863 | D:3      | Noticed rayg00n's ghost (amateur HOMo)
  1931 | D:3      | Found a bloodstained altar of Trog.
  1965 | D:3      | Reached skill level 6 in Conjurations
  2073 | D:3      | Noticed Natasha
  2082 | D:3      | Killed Natasha
  2091 | D:3      | Noticed Grinder
  2162 | D:3      | Noticed a sky beast
  2671 | D:4      | Noticed an ogre
  2706 | D:4      | Killed an ogre
  2706 | D:4      | Reached XP level 6. HP: 24/45 MP: 4/11
  2852 | D:4      | Found an ornate altar of the Wu Jian Council.
  2856 | D:4      | Noticed Eustachio
  2889 | D:4      | Killed Eustachio
  2889 | D:4      | Reached skill level 7 in Conjurations
  2907 | D:4      | Noticed Ijyb
  2924 | D:4      | Killed Ijyb
  2935 | D:4      | Noticed Edmund
  3070 | D:4      | Found a staircase to the Ecumenical Temple.
  3095 | D:4      | Your scales start taking on a dull iron-grey colour.
  3095 | D:4      | Reached XP level 7. HP: 50/50 MP: 3/13
  3095 | D:4      | Gained mutation: You can survive without breathing. [Grey
                  | Draconian growth]
  3102 | Temple   | Entered the Ecumenical Temple
  3219 | Temple   | Became a worshipper of Sif Muna the Loreminder
  3639 | D:4      | Killed Edmund
  3753 | D:3      | Killed Grinder
  3753 | D:3      | Reached skill level 5 in Spellcasting
  3753 | D:3      | Reached skill level 8 in Conjurations
  3946 | D:2      | Killed Crazy Yiuf
  3946 | D:2      | Reached XP level 8. HP: 46/57 MP: 11/15
  4291 | D:3      | Killed rayg00n's ghost
  4382 | D:5      | Entered Level 5 of the Dungeon
  4403 | D:5      | Found Leggulic's General Store.
  4407 | D:5      | Found Onliludwo's Weapon Boutique.
  4433 | D:5      | Bought a scroll of noise for 13 gold pieces
  4433 | D:5      | Bought a potion of might for 52 gold pieces
  4438 | D:5      | Found Varhekopp's Weapon Shop.
  4443 | D:5      | Found Susupoij's Assorted Antiques.
  4487 | D:5      | Bought a scroll labeled VAROSE YKHLOCH for 19 gold pieces
  4487 | D:5      | Bought a scroll labeled OLIHECR OCHUWU for 19 gold pieces
  4487 | D:5      | Bought a grey potion for 17 gold pieces
  4544 | D:5      | Reached skill level 9 in Conjurations
  4589 | D:5      | Found Zicsut's Assorted Antiques.
  4607 | D:5      | Bought a scroll labeled SUNAPP NOPP for 33 gold pieces
  4607 | D:5      | Bought a white potion for 29 gold pieces
  4678 | D:5      | Reached * piety under Sif Muna
  4708 | D:5      | Found a shimmering blue altar of Sif Muna.
  4848 | D:6      | Reached skill level 1 in Shields
  4906 | D:6      | Found a white marble altar of Elyvilon.
  4944 | D:6      | Found a burning altar of Makhleb.
  5283 | D:6      | Reached XP level 9. HP: 62/62 MP: 19/19
  5373 | D:6      | Found a basalt altar of Yredelemnul.
  5511 | D:7      | Reached skill level 10 in Conjurations
  5993 | D:7      | Found a shattered altar of Ashenzari.
  5994 | D:7      | Found a hazy altar of Hepliaklqana.
  6222 | D:8      | Found a sand-covered staircase.
  6230 | Ossuary  | Entered an ossuary
  6267 | Ossuary  | Reached ** piety under Sif Muna
  6824 | D:8      | Found a staircase to the Lair.
  6950 | D:8      | Reached *** piety under Sif Muna
  6986 | D:8      | Learned a level 4 spell: Fulminant Prism
  6996 | D:8      | Learned a level 4 spell: Iskenderun's Mystic Blast
  7039 | D:8      | Noticed a two-headed ogre
  7052 | D:8      | Killed a two-headed ogre
  7190 | D:8      | Reached skill level 11 in Conjurations
  7589 | D:8      | Found an iron altar of Okawaru.
  7963 | D:9      | Found Umnasua's Weapon Emporium.
  7983 | D:9      | Noticed a troll
  7994 | D:9      | Killed a troll
  7994 | D:9      | Reached XP level 10. HP: 56/69 MP: 14/22
  8236 | D:10     | Entered Level 10 of the Dungeon
  8312 | D:10     | Noticed a gargoyle
  8589 | D:10     | Noticed Sonja
  8735 | D:10     | Reached **** piety under Sif Muna
  8743 | D:10     | Found the +15 Maxwell's patent armour {-Cast -Tele rElec
                  | MR+ rCorr}
  9021 | D:10     | Killed a gargoyle
  9021 | D:10     | Reached skill level 12 in Conjurations
  9336 | D:10     | Reached skill level 10 in Spellcasting
  9465 | D:10     | Reached XP level 11. HP: 41/74 MP: 9/25
  9482 | D:10     | Killed Sonja
 10078 | D:11     | Reached ***** piety under Sif Muna
 10078 | D:11     | Identified Sif Muna's Compendium of Talismans (Sif Muna
                  | gifted it to you on level 11 of the Dungeon)
 10078 | D:11     | Received a gift from Sif Muna
 10085 | D:11     | Reached skill level 1 in Invocations
 10099 | D:11     | Learned a level 3 spell: Spectral Weapon
 10364 | D:11     | Reached skill level 1 in Fighting
 10365 | D:11     | Found a staircase to the Orcish Mines.
 10391 | D:11     | Reached skill level 13 in Conjurations
 10959 | Lair:1   | Entered Level 1 of the Lair of Beasts
 12300 | Lair:2   | Reached skill level 1 in Hexes
 12341 | Lair:1   | Received a gift from Sif Muna
 12970 | Lair:2   | Reached XP level 12. HP: 72/86 MP: 5/27
 13012 | Lair:2   | Learned a level 5 spell: Fireball
 13449 | Lair:2   | Found a shattered altar of Ashenzari.
 13910 | Lair:3   | Found a staircase to the Snake Pit.
 14855 | Lair:3   | Noticed a death yak
 14877 | Lair:3   | Killed a death yak
 14877 | Lair:3   | Reached skill level 14 in Conjurations
 15378 | Lair:4   | Found a staircase to the Shoals.
 15730 | Lair:4   | Reached skill level 5 in Invocations
 16312 | Lair:5   | Found a gate leading to a gauntlet.
 16333 | Gauntlet | Entered a Gauntlet
 16333 | Gauntlet | Found a transporter.
 16345 | Gauntlet | Found a transporter.
 16348 | Gauntlet | Found a transporter.
 16348 | Gauntlet | Found a transporter.
 16349 | Gauntlet | Noticed a hell beast
 16373 | Gauntlet | Found a transporter.
 16383 | Gauntlet | Noticed a reaper
 16384 | Gauntlet | Found a transporter.
 16407 | Gauntlet | Found a transporter.
 16411 | Gauntlet | Found a transporter.
 16447 | Gauntlet | Found a transporter.
 16447 | Gauntlet | Noticed a reaper
 16454 | Gauntlet | Found a transporter.
 16456 | Gauntlet | Found a transporter.
 16457 | Gauntlet | Found a runed translucent door.
 16468 | Gauntlet | Found a transporter.
 16595 | Lair:5   | Found a shadowy altar of Dithmenos.
 16596 | Lair:5   | Noticed a death yak
 16597 | Lair:5   | Noticed a death yak
 16599 | Lair:5   | Noticed a death yak
 16600 | Lair:5   | Noticed a death yak
 16604 | Lair:5   | Killed a death yak
 16604 | Lair:5   | Reached skill level 1 in Charms
 16605 | Lair:5   | Killed a death yak
 16607 | Lair:5   | Noticed a four-headed hydra
 16609 | Lair:5   | Killed a death yak
 16609 | Lair:5   | Reached XP level 13. HP: 76/94 MP: 5/30
 16754 | Lair:5   | Slain by a death yak

Levels and vault maps discovered:
D:1:      kennysheep_arrival_seaside, layout_loops_cross
D:2:      layout_rooms, grunt_gozag_breadcrumbs, uniq_crazy_yiuf_cottage
D:3:      layout_loops_ring, lemuel_doored_altar, first_ration,
          gammafunk_ghost_nasty_kobolds, minmay_shallow_snake_nest,
          uniq_natasha, uniq_grinder
D:4:      layout_loops_ring, old_standard_altar,
          minmay_temple_entry_sparse_star, uniq_eustachio, uniq_ijyb,
          uniq_edmund
D:5:      layout_rooms, serial_shops, nicolae_shop_trees, shop,
          nicolae_shop_overgrown_old_shop, nicolae_shop_statue_plus,
          nicolae_shop_window_shopping, chequers_decorated_corner,
          lemuel_blue_sif_altar
D:6:      layout_basic, kennysheep_ying_yang, bloody_makhleb
D:7:      layout_basic, gammafunk_temple_overflow_pools, kennysheep_boxes
D:8:      layout_layer_cave, okawaru_altar_gauntlet_db, lair_entry_dummy,
          nicolae_ossuary_entry_plus
D:9:      layout_roguey, serial_shops, shop
D:10:     layout_roguey [special_room_bee], uniq_sonja
D:11:     layout_loops_ring, zombieorc2_lemuel
Temple:   dshaligram_water_room_temple
Lair:1:   layout_long_grid, chequers_serial_rivers_micro_d, lemuel_fruit_tree
Lair:2:   layout_long_grid, basic_altar, worms_lemuel, grunt_megastairs_2
Lair:3:   minmay_lair_oklob_tunnel, layout_chaotic_city,
          guppyfry_snake_entry_island, serial_bayou_shore_a
Lair:4:   layout_big_grid, elwin_shoals_entry_rooms,
          infiniplex_staircase_pool_2, grunt_megastairs_5
Lair:5:   layout_roguey, gauntlet_entry_generic, lemuel_altar_in_water2,
          grunt_megastairs_1

Skill      XL: |  1  2  3  4  5  6  7  8  9 10 11 12 |
---------------+-------------------------------------+-----
Conjurations   | 5 6 7 8 9 11 12 13 14 | 14.5
Spellcasting   | 3 4 5 6 8 10 11 13 | 13.1
Shields        | 1 3 4 |  4.0
Invocations    | 3 5 |  5.6
Fighting       | 2 3 |  3.3
Hexes          | 1 3 |  3.6
Charms         | 1 |  1.1
Dodging        | |  1.7
Stealth        | |  1.7

Action                   |  1- 3 |  4- 6 |  7- 9 | 10-12 | 13-15 || total
-------------------------+-------+-------+-------+-------+-------++-------
Melee: Unarmed           |    13 |    16 |       |       |       ||    29
       Tailslap          |     2 |    14 |    19 |    49 |     5 ||    89
       Club              |     7 |       |       |       |       ||     7
       Dagger            |     2 |    77 |    25 |       |       ||   104
       Hand axe          |       |       |     8 |       |       ||     8
       Whip              |       |       |   218 |   383 |    20 ||   621
       Staff             |       |       |       |    10 |       ||    10
 Cast: Magic Dart        |    65 |    32 |    37 |    18 |       ||   152
       Searing Ray       |     1 |     7 |    29 |    34 |       ||    71
       Fulminant Prism   |       |       |     4 |   106 |     2 ||   112
       Spectral Weapon   |       |       |       |    11 |       ||    11
       Fireball          |       |       |       |    26 |     3 ||    29
       Iskenderun's Myst |       |       |       |     2 |       ||     2
Invok: Channel Magic     |       |       |       |     1 |     1 ||     2
Evoke: Wand              |       |       |       |     4 |       ||     4
  Use: Scroll            |       |       |    12 |    11 |       ||    23
       Potion            |       |       |     2 |     3 |       ||     5
 Stab: Sleeping          |     1 |     3 |       |       |       ||     4
  Eat: Chunk             |     2 |     6 |    13 |    27 |       ||    48
       Ration            |       |       |     1 |     1 |     1 ||     3
Armor: Skin              |    17 |    16 |   170 |   238 |     6 ||   447
Dodge: Dodged            |    40 |    49 |   230 |   264 |     7 ||   590
Block: Buckler           |       |       |     6 |   129 |     4 ||   139

Table legend:
 A = Non-vault XP
 B = Vault XP
 C = Vault XP percentage of total XP
 D = Non-vault monster count
 E = Vault monster count
 F = Vault count percentage of total count
                 A         B        C        D         E       F
            +---------+---------+-------+---------+---------+-------
      Total |   30284 |    9734 |  24.3 |     309 |     135 |  30.4
            +---------+---------+-------+---------+---------+-------
        D:1 |      39 |       0 |   0.0 |      27 |       0 |   0.0
        D:2 |      61 |      40 |  39.6 |      17 |       1 |   5.6
        D:3 |     268 |     573 |  68.1 |      22 |      14 |  38.9
        D:4 |     302 |     398 |  56.9 |      19 |       3 |  13.6
        D:5 |     269 |       0 |   0.0 |       7 |       0 |   0.0
        D:6 |     986 |       0 |   0.0 |      18 |       0 |   0.0
        D:7 |     115 |       0 |   0.0 |       4 |       0 |   0.0
        D:8 |    1831 |      36 |   1.9 |      24 |       6 |  20.0
        D:9 |    1180 |       0 |   0.0 |      14 |       0 |   0.0
       D:10 |    3155 |    2506 |  44.3 |      37 |      25 |  40.3
       D:11 |    3262 |     764 |  19.0 |      48 |      35 |  42.2
     Lair:1 |    2470 |     157 |   6.0 |      13 |       1 |   7.1
     Lair:2 |    3355 |     619 |  15.6 |      14 |       3 |  17.6
     Lair:3 |     850 |    3753 |  81.5 |       7 |       8 |  53.3
     Lair:4 |    8312 |     481 |   5.5 |      33 |       1 |   2.9
     Lair:5 |    3829 |       0 |   0.0 |       5 |       0 |   0.0
    Ossuary |       0 |     407 | 100.0 |       0 |      38 | 100.0
            +---------+---------+-------+---------+---------+-------
